 Dungeon Sprint DCSS version 0.29-a0-997-gf6f7e2dfe7 (webtiles) character file.

Game seed: 18357147605603973723

7 Hubris850 the Chiller (level 1, -1/19 HPs)
             Began as a Demonspawn Ice Elementalist on Aug 4, 2022.
             Was an Initiate of Yredelemnul.
             Slain by a flying skull (4 damage)
             ... in the Dungeon (Sprint VII: "The Pits").
             The game lasted 00:01:23 (306 turns).

Hubris850 the Chiller (Demonspawn Ice Elementalist)  Turns: 306, Time: 00:01:23

Health: -1/19      AC:  2    Str:  8    XL:     1   Next: 83%
Magic:  4/4        EV: 12    Int: 16    God:    Yredelemnul [......]
Gold:   0          SH:  0    Dex: 13    Spells: 4/5 levels left

rFire   . . .      SeeInvis .   h - +2 falchion
rCold   . . .      Faith    .   (no shield)
rNeg    . . .      Spirit   .   a - +0 robe
rPois   .          Reflect  .   (no helmet)
rElec   .          Harm     .   (no cloak)
rCorr   .          Rampage  .   (no gloves)
Will    .....      NoTele   +   (no boots)
Stlth   ..........              (no amulet)
HPRegen 0.06/turn               (no ring)
MPRegen 0.09/turn               (no ring)

@: berserking (expiring), very quick
A: no striking features
a: Renounce Religion, Recall Undead Harvest


You were in the Dungeon.
You worshipped Yredelemnul.
Yredelemnul was noncommittal.
You visited 1 branch

Inventory:

Hand Weapons
 h - a +2 falchion (weapon)
Armour
 a - a +0 robe (worn)
Scrolls
 g - a scroll of blinking
 j - 5 scrolls of amnesia
 k - a scroll of summoning
Potions
 b - 5 potions of magic
 c - a potion of curing
 d - a potion of heal wounds
 e - a potion of haste
 f - 2 potions of berserk rage
 i - 2 potions of invisibility


   Skills:
 + Level 2.6 Dodging
 - Level 1.7 Stealth
 + Level 2.8 Spellcasting
 + Level 4.1 Ice Magic


You had 4 spell levels left.
You knew the following spells:

 Your Spells              Type           Power      Damage    Failure   Level
a - Freeze                Ice            60%        1d8       3%          1

Your spell library contained the following spells:

 Spells                   Type           Power      Damage    Failure   Level
 Frozen Ramparts          Ice            30%        1d11      11%         3
 Ozocubu's Armour         Ice            15%        N/A       11%         3
 Hailstorm                Conj/Ice       8%         3d4       63%         4


Dungeon Overview and Level Annotations

Branches:
Dungeon (1/1)

Altars:
Ashenzari
Cheibriados
Dithmenos
Fedhas
Gozag
Hepliaklqana
Kikubaaqudgha
Makhleb
Nemelex Xobeh
Okawaru
Qazlal
Ru
Sif Muna
Trog
Uskayaw
Vehumet
Wu Jian
Xom
Yredelemnul
Jiyva
Lugonu


Message History

The quokka completely misses you.
You see here a +0 club.
You slash the quokka!
You kill the quokka!
You open the door.
An adder zombie and a ball python skeleton come into view.
The adder zombie moves out of view.
A giant cockroach zombie and a flying skull come into view.
The flying skull gives a hideous shriek!
There is an open door here.
The giant cockroach zombie attacks as you move away!
The giant cockroach zombie barely misses you.
Your orc zombie hits the giant cockroach zombie but does no damage.
You hit the giant cockroach zombie.
The giant cockroach zombie is heavily damaged.
The giant cockroach zombie barely misses you.
Your frilled lizard zombie closely misses the flying skull.
A red film seems to cover your vision as you go berserk!
You feel yourself moving faster!
You feel mighty! The flying skull misses you.
Your frilled lizard zombie bites the flying skull but does no damage.
You closely miss the flying skull.
Your orc zombie misses the flying skull.
The flying skull hits you!
You closely miss the flying skull. The flying skull barely misses you.
Your frilled lizard zombie bites the flying skull but does no damage.
Your orc zombie barely misses the flying skull.
You hit the flying skull.
The flying skull is moderately damaged.
The flying skull barely misses you.
You closely miss the flying skull.
The flying skull is moderately damaged.
The flying skull hits you.
* * * LOW HITPOINT WARNING * * *
Your frilled lizard zombie completely misses the flying skull.
Your orc zombie misses the flying skull.
You closely miss the flying skull.
The flying skull is moderately damaged.
The flying skull hits you.
You die...
Your body rises from the dead as a mindless zombie.

##########'##...........
#.?(.')))'.##......#..#.
##########.##...........
#..........รท'...........
+#####'#####......#..#.
#.....##...........
#####'#####'#####++
#..Z).##.......#
#.@ZZ.##.......#
###z####.......#
#.ZZ..##...<...#
.Zz.....##.......#
#........##.......#
###########.......#
#########


You could see a flying skull (ally target), a ball python skeleton, a friendly
frilled lizard zombie, a friendly quokka zombie and a friendly orc zombie.

Vanquished Creatures
  An orc (D)
  A hobgoblin (D)
  2 quokkas (D)
4 creatures vanquished.

Vanquished Creatures (collateral kills)
  A frilled lizard (D)
1 creature vanquished.

Grand Total: 5 creatures vanquished

Notes
Turn   | Place    | Note
-------+----------+-------------------------------------------
     0 | D        | Hubris850 the Demonspawn Ice Elementalist began the quest
                  | for the Orb.
     0 | D        | Reached XP level 1. HP: 13/13 MP: 3/3
    44 | D        | Found a bloodstained altar of Trog.
    44 | D        | Found a shimmering blue altar of Sif Muna.
    44 | D        | Found a viscous altar of Jiyva.
    44 | D        | Found a hazy altar of Hepliaklqana.
    44 | D        | Found an opulent altar of Gozag.
    45 | D        | Found a basalt altar of Yredelemnul.
    45 | D        | Found a shimmering altar of Xom.
    45 | D        | Found an ornate altar of the Wu Jian Council.
    45 | D        | Found a sacrificial altar of Ru.
    45 | D        | Found a stormy altar of Qazlal.
    45 | D        | Found an iron altar of Okawaru.
    45 | D        | Found a sparkling altar of Nemelex Xobeh.
    45 | D        | Found a burning altar of Makhleb.
    45 | D        | Found a blossoming altar of Fedhas.
    45 | D        | Found a shadowy altar of Dithmenos.
    45 | D        | Found a snail-covered altar of Cheibriados.
    47 | D        | Found a radiant altar of Vehumet.
    47 | D        | Found a corrupted altar of Lugonu.
    49 | D        | Found an ancient bone altar of Kikubaaqudgha.
    49 | D        | Found a hide-covered altar of Uskayaw.
    49 | D        | Found a broken altar of Ashenzari.
    70 | D        | Became a worshipper of Yredelemnul the Dark
   294 | D        | Reached skill level 4 in Ice Magic
   298 | D        | Noticed a flying skull
   306 | D        | Slain by a flying skull

Illustrated notes

Levels and vault maps discovered:
D:        pitsprint [storerooms_1, entrance_room_1, metal_vault_6, armoury_2,
          mini_pit_1, grid_room_1, main_hall_1, silver_pit, the_coven_3,
          the_vestibule_1, steel_vault_1, golden_pit, hallway_of_sentries,
          crystal_vault_1, iron_vault_4, final_vault]

Skill      XL: |  1 |
---------------+----+-----
Dodging        | 2 |  2.6
Ice Magic      | 4 |  4.1
Stealth        | |  1.7
Spellcasting   | |  2.8

Action                   || total
-------------------------++-------
Melee: Falchion          ||    10
       Unarmed           ||     5
 Cast: Freeze            ||     2
  Use: Potion            ||     1
 Stab: Sleeping          ||     1
Armor: Robe              ||     1
Dodge: Dodged            ||    10

Table legend: (Time is in decaauts)
 A = Elapsed time spent in this place.
 B = Non-inter-level travel time spent in this place.
 C = Inter-level travel time spent in this place.
 D = Time resting spent in this place.
 E = Time spent auto-exploring this place.
 F = Levels seen in this place.
 G = Mean time per level.
                   A        B        C        D        E       F      G
               +--------+--------+--------+--------+--------+-----+--------+
         Total |    306 |    306 |      0 |    195 |      0 |   1 |  306.0 |
       Dungeon |    306 |    306 |      0 |    195 |      0 |   1 |  306.0 |
               +--------+--------+--------+--------+--------+-----+--------+

Top non-repeatable levels by time:
       D: 306 daAuts
